Map: Emerald City CE

Players

Milch

  • Race: Terran Terran
  • League: Platinum
  • Spawn Location: 11:00

Halbsteifen

  • Race: Zerg Zerg
  • League: Platinum
  • Spawn Location: 11:00

Ekelpack - Winner!

  • Race: Zerg Zerg
  • Spawn Location: 5:00

Nyck - Winner!

  • Race: Terran Terran
  • Spawn Location: 5:00

VOD

Have the link to the VOD?

Description

Time

  • Played on: Feb. 4, 2025, 3:47 p.m.
  • Length: 22:00
Show
View Real Time Build Order
Export as new Build Order

Milch Terran 

Build Orders: Mech 

Get SALT Encoding   

  12  0:00  SCV  
  13  0:13  SCV  
  14  0:18  Supply Depot  
  14  0:25  SCV  
  15  0:39  SCV  
  15  0:41  Barracks  
  16  0:46  Refinery  
  16  0:53  Refinery  
  16  0:54  SCV  
  17  1:06  SCV  
  18  1:22  SCV  
  19  1:31  Supply Depot  
  19  1:36  Orbital Command, Barracks Reactor  
  19  1:48  Factory  
  19  1:59  Supply Depot  
  19  2:06  SCV  
  20  2:12  Reaper x2  
  22  2:24  SCV  
  23  2:31  Factory Tech Lab  
  23  2:42  Command Center  
  23  2:45  SCV  
  24  2:58  Reaper  
  24  3:00  Siege Tank  
  24  3:02  SCV  
  29  3:09  Reaper  
  30  3:22  Supply Depot  
  30  3:38  Reaper  
  31  3:42  Siege Tank  
  31  3:45  Supply Depot  
  34  3:49  Factory  
  34  4:04  SCV  
  33  4:18  SCV  
  34  4:31  SCV  
  34  4:37  Factory Reactor  
  35  4:39  Siege Tank  
  35  4:41  Reaper x2  
  40  4:53  SCV  
  40  4:54  Orbital Command  
  41  5:01  Supply Depot, Factory  
  40  5:16  Siege Tank  
  35  5:23  Hellion x2  
  39  5:30  SCV x2  
  39  5:33  Marine x2  
  43  5:47  SCV  
  42  5:58  SCV  
  42  6:00  SCV  
  42  6:01  Marine x2  
  42  6:03  Infernal Pre-Igniter, Factory Tech Lab  
  46  6:10  SCV  
  44  6:12  SCV  
  44  6:14  Siege Tank  
  44  6:15  Hellion x2  
  52  6:23  SCV  
  52  6:25  Siege Tank  
  56  6:38  SCV x2  
  58  6:44  Refinery  
  58  6:50  Siege Tank  
  59  7:03  SCV x2  
  59  7:05  Refinery  
  61  7:11  Factory  
  61  7:14  Command Center  
  61  7:15  Supply Depot  
  61  7:16  Supply Depot  
  61  7:22  Hellion x2  
  65  7:25  SCV x2  
  67  7:40  Cyclone x2  
  73  7:52  Engineering Bay  
  73  7:54  Widow Mine  
  73  7:55  Widow Mine  
  77  8:00  Factory Reactor  
  80  8:12  Cyclone  
  80  8:13  Cyclone  
  80  8:15  Engineering Bay  
  83  8:26  Widow Mine  
  83  8:27  Widow Mine  
  87  8:32  Orbital Command  
  87  8:35  SCV x2  
  89  8:41  Supply Depot, Missile Turret  
  89  8:45  Cyclone x2, Missile Turret  
  89  8:48  Armory  
  95  9:05  Missile Turret  
  95  9:15  Hellion x3  
  100  9:28  SCV x2  
  100  9:30  Siege Tank x2  
  108  9:36  Missile Turret  
  108  9:38  Missile Turret, Armory  
  108  9:44  Hellion x2  
  112  9:50  SCV x2  
  114  9:54  Supply Depot  
  114  9:59  Mag-Field Accelerator, Missile Turret  
  114  10:09  Siege Tank  
  117  10:16  SCV, Hellion x2, Siege Tank  
  125  10:57  Hellion  
  125  10:58  SCV  
  125  10:59  Siege Tank, Hellion  
  125  11:00  Hellion  
  125  11:01  Orbital Command, Hellion  
  125  11:02  Hellion  
  121  11:06  Terran Vehicle Weapons Level 1  
  121  11:07  Terran Vehicle And Ship Armor Level 1  
  115  11:11  SCV x2  
  117  11:22  Hellion  
  117  11:23  Sensor Tower  
  119  11:26  SCV  
  119  11:27  SCV  
  119  11:28  SCV  
  122  11:33  Siege Tank  
  122  11:38  SCV  
  122  11:39  Refinery  
  120  11:41  Cyclone, Refinery  
  120  11:43  Hellion  
  125  11:54  Supply Depot  
  125  11:57  Supply Depot  
  125  12:04  Command Center  
  125  12:13  Sensor Tower  
  125  12:16  SCV x3, Cyclone, Hellion  
  125  12:18  Cyclone  
  136  12:28  SCV x3  
  139  12:31  Factory  
  139  12:40  SCV  
  139  12:41  Factory  
  140  12:51  SCV  
  141  13:01  Supply Depot  
  141  13:12  Supply Depot  
  141  13:16  SCV x3, Siege Tank x2  
  150  13:25  Hellion x2  
  154  13:28  SCV  
  155  13:41  Hellion x2  
  159  13:48  Siege Tank, Cyclone  
  146  14:20  Siege Tank, Cyclone  
  137  14:24  Orbital Command  
  119  14:43  Hellion  
  109  14:52  Siege Tank, Cyclone  
  108  15:00  SCV x2  
  110  15:08  Hellion x2  
  110  15:10  Factory Tech Lab  
  110  15:11  Terran Vehicle Weapons Level 2  
  110  15:12  Terran Vehicle And Ship Armor Level 2  
  114  15:22  Hellion x2  
  114  15:24  Cyclone x2  
  124  15:30  SCV x2, Hellion  
  124  15:32  Hellion x2  
  127  15:43  Hellion  
  123  15:52  SCV x2  
  123  15:54  Orbital Command  
  123  15:56  Cyclone x2  
  128  15:58  Hellion  
  130  16:05  Hellion  
  132  16:18  SCV  
  132  16:19  SCV x2  
  132  16:21  Refinery  
  132  16:25  Refinery  
  135  16:28  Cyclone x2  
  141  16:42  Siege Tank  
  131  16:56  Hellion x2  
  131  17:00  Cyclone x2  
  137  17:14  Siege Tank  
  140  17:22  SCV x2  
  142  17:23  Hellion  
  142  17:24  Hellion  
  142  17:29  Command Center  
  146  17:32  Cyclone x2  
  152  17:44  SCV x3  
  154  17:46  Cyclone  
  154  17:47  Hellion  
  154  17:48  Hellion x2  
  164  18:05  Siege Tank x2  
  170  18:10  Factory  
  170  18:11  Factory  
  170  18:13  Factory  
  170  18:18  Command Center  
  170  18:19  SCV x2  
  172  18:22  Terran Vehicle Weapons Level 3  
  172  18:23  Terran Vehicle And Ship Armor Level 3  
  172  18:26  Supply Depot  
  172  18:27  Supply Depot  
  172  18:40  SCV x2, Siege Tank x2  
  172  18:41  Hellion x3  
  186  18:47  Planetary Fortress, Sensor Tower  
  186  18:50  Siege Tank  
  189  18:56  Starport  
  189  18:57  Factory Tech Lab x3  
  189  19:03  SCV x2  
  191  19:12  Hellion x3  
  191  19:13  Siege Tank  
  151  20:08  Siege Tank  
  112  20:20  SCV  
  96  20:25  Cyclone x2  
  94  20:32  Hellion x2  
  94  20:33  Siege Tank x2, Hellion  
  103  20:44  Siege Tank x2  
  103  20:46  SCV, Hellion  
  103  20:47  SCV, Command Center  
  113  20:54  Starport Reactor  
  113  20:58  SCV x2  
  115  21:06  Siege Tank x2  
  115  21:11  Hellion x3  
  127  21:24  Command Center  
  103  21:37  SCV x2  
Show
View Real Time Build Order
Export as new Build Order

Halbsteifen Zerg 

Build Orders: Pool First 

Get SALT Encoding   

  12  0:01  Drone  
  13  0:08  Drone  
  14  0:14  Extractor  
  14  0:16  Drone  
  15  0:32  Overlord  
  15  0:52  Spawning Pool  
  15  0:55  Drone  
  15  0:56  Drone x2, Extractor  
  16  1:18  Hatchery  
  16  1:24  Drone  
  16  1:25  Drone  
  16  1:30  Drone  
  18  1:39  Queen  
  18  1:44  Zergling x2  
  21  1:50  Zergling x2  
  22  2:05  Overlord  
  22  2:24  Zergling x4  
  24  2:31  Queen  
  24  2:32  Drone  
  24  2:36  Zergling x2  
  28  2:42  Zergling x2  
  29  2:44  Overlord  
  29  2:51  Spine Crawler  
  28  3:00  Drone x2  
  28  3:04  Drone x2  
  29  3:30  Spine Crawler  
  29  3:31  Spine Crawler  
  27  3:41  Drone  
  28  3:42  Zergling x2, Overlord  
  28  3:44  Zergling x6  
  26  4:25  Zergling x2  
  26  4:26  Zergling x10  
  26  4:30  Metabolic Boost  
  31  4:33  Queen  
  31  4:38  Drone x2  
  35  4:47  Roach Warren  
  34  4:58  Spore Crawler  
  33  5:00  Spine Crawler  
  33  5:03  Spore Crawler  
  33  5:06  Spine Crawler, Drone x2  
  32  5:07  Zergling x4  
  32  5:08  Queen  
  33  5:26  Zergling x8  
  30  5:40  Hatchery  
  23  5:54  Roach x3  
  25  6:24  Lair  
  25  6:26  Hatchery  
  24  6:38  Roach x2  
  24  6:39  Roach  
  24  6:54  Zergling x2  
  25  7:20  Evolution Chamber  
  25  7:21  Evolution Chamber, Extractor  
  25  7:22  Drone x3  
  25  7:23  Drone  
  26  7:33  Drone x3  
  29  7:38  Queen  
  31  7:51  Zerg Missile Weapons Level 1  
  31  7:52  Zerg Ground Armor Level 1  
  31  8:02  Hydralisk Den  
  30  8:25  Drone x4  
  34  8:29  Infestation Pit  
  33  8:35  Muscular Augments  
  33  8:47  Overlord  
  33  8:51  Drone  
  33  8:55  Drone  
  29  9:15  Queen  
  31  9:17  Hydralisk  
  33  9:28  Drone x3  
  36  9:38  Drone  
  36  9:39  Drone, Grooved Spines  
  38  9:58  Hydralisk  
  38  9:59  Hydralisk x2  
  44  10:22  Extractor  
  44  10:23  Extractor  
  44  10:24  Drone x2  
  44  10:25  Drone x4  
  44  10:26  Drone  
  44  10:27  Drone x2  
  51  10:50  Hatchery  
  50  11:01  Zerg Missile Weapons Level 2  
  50  11:04  Lurker Den  
  50  11:09  Zerg Ground Armor Level 2  
  49  11:26  Overlord  
  49  11:27  Overlord x2  
  49  11:48  Hydralisk x4  
  57  11:56  Overseer x2  
  57  12:03  Hydralisk  
  57  12:51  Hydralisk x9  
  73  13:07  Drone  
  66  13:41  Lurker x2  
  68  13:50  Overlord x2  
  68  13:51  Overlord  
  67  14:08  Queen x2  
  70  14:28  Hydralisk  
  70  14:29  Hydralisk x6  
  78  14:59  Hydralisk  
  76  15:00  Hydralisk x4  
  86  15:12  Hydralisk x2  
  90  15:22  Overlord  
  90  15:40  Lurker  
  90  15:41  Lurker x5  
  90  15:42  Lurker x4  
  100  16:04  Hive  
  100  16:13  Overlord  
  100  16:14  Overlord  
  100  16:19  Hatchery  
  51  17:06  Hydralisk  
  51  17:07  Hydralisk x5  
  49  17:23  Zerg Missile Weapons Level 3  
  49  17:24  Zerg Ground Armor Level 3  
  49  17:31  Seismic Spines  
  49  17:42  Hydralisk x3  
  49  17:43  Hydralisk x2  
  59  18:05  Lurker x2  
  61  18:10  Extractor  
  61  18:11  Extractor  
  59  18:13  Overlord x2  
  59  18:19  Overseer  
  59  18:22  Hydralisk  
  61  18:28  Adaptive Talons  
  61  19:01  Drone x2  
  61  19:02  Drone x9  
  72  19:17  Lurker x2  
  72  19:18  Lurker  
  72  19:20  Hydralisk  
  72  19:22  Overlord x3  
  77  19:36  Hydralisk  
  77  19:37  Hydralisk x3  
  85  19:43  Hydralisk x9  
  103  19:50  Overlord  
  103  19:51  Overlord  
  97  20:20  Hydralisk x6  
  88  20:32  Hydralisk  
  88  20:33  Hydralisk x2  
  92  20:47  Lurker x8  
  100  20:51  Hydralisk  
  102  21:13  Hydralisk x5  
Show
View Real Time Build Order
Export as new Build Order

Ekelpack Zerg - Winner!

Build Orders: Hatch First 

Get SALT Encoding   

  12  0:00  Drone  
  13  0:13  Overlord  
  13  0:18  Drone  
  14  0:31  Drone x2  
  14  0:35  Drone  
  17  0:52  Hatchery  
  17  0:55  Drone  
  17  1:02  Extractor  
  17  1:03  Drone  
  17  1:15  Spawning Pool  
  17  1:16  Drone  
  17  1:20  Drone  
  18  1:30  Drone  
  19  1:39  Drone  
  20  2:02  Queen  
  20  2:04  Queen  
  20  2:06  Drone x2  
  26  2:12  Overlord  
  26  2:16  Drone  
  26  2:18  Drone  
  28  2:24  Metabolic Boost  
  28  2:32  Drone x2, Extractor  
  28  2:34  Drone  
  30  2:37  Drone  
  30  2:44  Drone  
  32  2:50  Spine Crawler  
  31  2:53  Queen  
  33  2:59  Lair  
  33  3:02  Drone  
  34  3:05  Drone  
  35  3:24  Spine Crawler  
  35  3:26  Zergling x2  
  36  3:28  Overlord x2  
  36  3:41  Spine Crawler  
  36  3:44  Spine Crawler  
  34  3:49  Queen  
  31  4:41  Roach Warren  
  31  4:42  Zergling x4  
  31  4:43  Zergling x10  
  37  4:47  Zergling x10  
  37  4:48  Zergling x8  
  41  5:17  Zergling x8  
  41  5:18  Zergling x14  
  44  5:24  Queen  
  43  5:30  Extractor, Roach x2  
  46  5:49  Roach x3  
  51  6:04  Overlord x3  
  50  6:21  Spire  
  50  6:25  Drone x3  
  52  6:28  Drone  
  52  6:29  Drone  
  52  6:31  Extractor  
  53  6:48  Drone x4  
  53  6:49  Overlord x2  
  53  6:54  Drone x3  
  58  7:08  Drone x2  
  60  7:29  Overlord  
  60  7:39  Zerg Flyer Weapons Level 1, Mutalisk x2  
  60  7:40  Mutalisk x5  
  74  7:52  Mutalisk x3  
  74  7:53  Mutalisk x2  
  84  8:04  Drone x2  
  86  8:08  Hatchery  
  85  8:28  Overlord x2  
  85  8:35  Infestation Pit  
  85  8:38  Drone  
  85  8:41  Evolution Chamber  
  85  8:43  Evolution Chamber  
  83  8:48  Overlord  
  83  9:13  Overlord  
  83  9:14  Overlord  
  83  9:17  Zerg Melee Weapons Level 1, Hive  
  83  9:18  Zerg Ground Armor Level 1  
  83  9:23  Drone x5  
  83  9:24  Drone x5  
  91  9:26  Extractor  
  91  9:29  Extractor  
  91  9:38  Overlord  
  91  9:40  Drone x2  
  93  9:52  Drone x3  
  96  10:14  Drone x4  
  100  10:30  Ultralisk Cavern  
  99  10:41  Adrenal Glands  
  89  11:04  Drone x2  
  90  11:14  Pneumatized Carapace  
  90  11:19  Ultralisk x5  
  90  11:20  Ultralisk x3  
  138  12:02  Overlord x3  
  138  12:05  Chitinous Plating  
  138  12:07  Zerg Melee Weapons Level 2, Zerg Ground Armor Level 2  
  138  12:09  Zergling x4  
  138  12:10  Zergling x14, Overlord  
  138  12:11  Overlord x2  
  145  12:55  Ultralisk x3  
  145  12:56  Ultralisk x2  
  165  13:24  Anabolic Synthesis  
  156  13:35  Zergling x4, Ultralisk x2  
  156  13:36  Zergling x10  
  175  14:11  Hatchery  
  120  14:35  Ultralisk x3  
  120  14:36  Zergling x12  
  115  14:48  Ultralisk x2  
  103  15:06  Ultralisk x2  
  103  15:13  Greater Spire  
  103  15:24  Drone  
  103  15:25  Drone x6  
  103  15:26  Drone  
  111  15:37  Overseer x3  
  110  16:00  Extractor  
  110  16:02  Extractor  
  108  16:08  Drone x3  
  110  16:27  Ultralisk  
  110  16:28  Ultralisk x5  
  136  16:51  Ultralisk  
  136  16:52  Zergling x2  
  136  16:53  Zergling x12  
  136  16:54  Zergling x8  
  129  17:14  Zerg Flyer Weapons Level 2  
  129  17:30  Zerg Melee Weapons Level 3  
  128  17:45  Zergling x14  
  128  17:46  Zergling x12  
  128  17:47  Zergling x10  
  146  17:52  Zerg Ground Armor Level 3  
  146  17:57  Queen  
  134  18:35  Ultralisk x4  
  134  18:36  Ultralisk x3  
  134  18:37  Zergling x12  
  178  18:44  Zergling x2  
  178  18:45  Zergling x14  
  178  18:46  Zergling x2  
  186  19:24  Zergling x8, Ultralisk  
  191  19:25  Zergling x12  
  200  19:34  Hatchery  
  199  19:45  Hatchery  
  198  19:48  Corruptor  
  164  20:16  Ultralisk x5  
  164  20:17  Zergling x12  
  164  20:20  Zergling x6  
  164  20:21  Zergling x10  
  192  20:22  Zergling x8  
  192  20:33  Brood Lord  
  188  20:44  Corruptor x2  
  188  20:45  Zergling x8  
  188  20:46  Zergling x6  
  199  20:50  Drone  
  197  21:32  Extractor  
  170  21:34  Extractor  
  170  21:36  Extractor  
Show
View Real Time Build Order
Export as new Build Order

Nyck Terran - Winner!

Build Orders:  

Get SALT Encoding   

  12  0:00  SCV  
  13  0:12  SCV  
  14  0:17  Supply Depot  
  14  0:24  SCV  
  15  0:39  SCV  
  15  0:42  Barracks  
  16  0:46  Refinery  
  16  0:53  SCV  
  17  1:05  SCV  
  18  1:18  Barracks  
  18  1:19  SCV  
  19  1:31  Supply Depot, Reaper  
  19  1:32  Orbital Command  
  20  2:00  SCV  
  21  2:02  Refinery  
  21  2:04  Barracks Reactor  
  21  2:06  Barracks Tech Lab  
  21  2:17  SCV  
  22  2:29  SCV  
  23  2:31  Combat Shield  
  23  2:46  Marine x2, Marauder  
  27  2:59  SCV  
  28  3:07  Barracks  
  28  3:08  Barracks x2  
  28  3:14  Bunker  
  29  3:41  Marauder  
  29  3:51  SCV  
  30  4:04  Marine  
  31  4:29  Marine x6  
  37  4:32  Factory  
  37  4:42  Supply Depot  
  37  4:47  Marauder  
  37  4:49  Marine x2  
  39  5:03  Marine x3  
  42  5:09  Marauder  
  44  5:23  SCV  
  44  5:25  Marine  
  44  5:26  Barracks Reactor  
  44  5:27  Barracks Reactor x2  
  46  5:35  SCV  
  47  5:38  Factory Tech Lab  
  47  5:47  SCV, Marine  
  47  5:48  Marine  
  47  5:49  Marauder  
  52  5:59  SCV  
  52  6:03  Starport  
  53  6:05  Marine  
  54  6:11  SCV  
  55  6:22  Concussive Shells  
  55  6:31  Siege Tank, Marine x5  
  55  6:32  Supply Depot  
  63  6:42  Starport Reactor  
  63  6:45  Supply Depot  
  63  6:52  Marine x2  
  63  6:53  SCV, Marine  
  63  6:54  Marauder  
  63  7:05  Stimpack  
  63  7:08  Supply Depot  
  63  7:12  Command Center  
  63  7:26  Medivac x2  
  67  7:31  Supply Depot  
  67  7:44  Command Center  
  67  7:54  SCV  
  68  7:59  Medivac  
  68  8:00  Medivac  
  68  8:03  Supply Depot  
  72  8:09  SCV  
  73  8:16  Marine x2  
  73  8:17  Marine  
  73  8:18  Marine  
  77  8:26  Engineering Bay  
  77  8:35  Engineering Bay  
  77  8:40  SCV  
  78  8:46  Orbital Command  
  78  8:53  Medivac x2  
  82  9:05  Engineering Bay  
  82  9:09  Terran Infantry Weapons Level 1  
  82  9:10  Armory  
  82  9:11  SCV  
  82  9:12  SCV  
  82  9:15  Terran Infantry Armor Level 1  
  84  9:24  SCV x2  
  85  9:28  Refinery  
  85  9:30  Refinery  
  86  9:36  SCV  
  86  9:37  SCV, Neosteel Armor  
  88  9:44  Missile Turret  
  88  9:49  Planetary Fortress  
  88  9:51  SCV  
  89  9:57  SCV  
  90  10:03  SCV  
  91  10:07  Marine x3  
  91  10:08  Marine x2  
  91  10:12  Missile Turret  
  96  10:18  SCV x2  
  98  10:24  Refinery  
  98  10:25  Refinery  
  98  10:29  Marine x4  
  98  10:30  SCV x2  
  98  10:33  Medivac x2  
  108  10:36  Terran Vehicle And Ship Armor Level 1  
  108  10:38  Supply Depot  
  108  10:39  SCV  
  108  10:42  SCV x2  
  111  10:51  SCV  
  111  10:54  SCV x2  
  114  10:59  Marine x2  
  114  11:00  Marine x5  
  114  11:01  Marine x2  
  114  11:03  Medivac x2  
  127  11:06  Terran Infantry Weapons Level 2  
  128  11:18  SCV x3  
  128  11:25  Hi-Sec Auto Tracking, Starport  
  130  11:28  Terran Infantry Armor Level 2  
  130  11:30  SCV x2  
  130  11:31  SCV  
  133  11:42  SCV  
  133  11:43  SCV x2  
  133  11:45  Marine x4  
  140  11:49  Command Center  
  140  11:52  Marine  
  141  12:11  Supply Depot  
  141  12:32  Marine x3, Medivac x2  
  141  12:33  SCV, Terran Vehicle And Ship Armor Level 2  
  141  12:35  Supply Depot  
  149  12:39  Starport Reactor  
  149  12:40  Supply Depot  
  149  12:56  SCV x2, Marine x4, Marauder  
  149  12:58  Supply Depot  
  157  13:00  Marine x4  
  157  13:01  SCV  
  157  13:02  Medivac x2  
  157  13:05  Orbital Command  
  166  13:08  SCV x2  
  166  13:09  Refinery  
  166  13:10  Refinery  
  168  13:13  SCV  
  168  13:14  Marine x2  
  168  13:18  Marine x4  
  168  13:19  Supply Depot  
  175  13:20  SCV x2  
  175  13:21  Supply Depot  
  175  13:25  SCV, Terran Infantry Weapons Level 3  
  178  13:31  Marine x2  
  178  13:32  Medivac x2  
  178  13:33  SCV x2  
  178  13:34  SCV  
  187  13:42  Supply Depot, Fusion Core  
  187  13:45  Terran Infantry Armor Level 3  
  187  13:46  Supply Depot  
  187  13:52  SCV  
  187  13:53  SCV x3  
  191  14:02  Medivac x2  
  195  14:05  SCV x4  
  195  14:06  Supply Depot  
  195  14:07  Command Center  
  134  14:28  Supply Depot  
  133  14:32  Marine  
  133  14:33  Marine x8  
  138  14:50  Marine  
  138  14:51  Marine x8  
  143  15:04  Medivac  
  143  15:05  Medivac  
  147  15:08  Marine x4  
  147  15:09  SCV, Marine x5  
  147  15:10  SCV x3  
  150  15:20  Planetary Fortress  
  150  15:21  SCV  
  150  15:22  SCV  
  150  15:23  SCV  
  150  15:24  SCV  
  150  15:26  Marine x9  
  163  15:34  Medivac  
  163  15:35  Medivac  
  167  15:40  Caduceus Reactor  
  167  15:44  Marine x9  
  175  15:55  SCV  
  175  15:56  SCV x3  
  179  16:01  Marine  
  179  16:02  Marine x7  
  188  16:04  Medivac x2  
  188  16:06  Marauder  
  188  16:08  SCV  
  194  16:18  Refinery  
  194  16:19  Marine  
  194  16:20  Marine x5  
  193  16:58  Marine x7  
  199  17:22  Marine  
  182  17:46  Marine x9  
  182  17:50  Medivac x2  
  195  18:03  Marine  
  195  18:04  Marine x6  
  200  18:05  Terran Vehicle And Ship Armor Level 3  
  200  18:15  Refinery  
  200  18:28  Command Center  
  200  19:13  Refinery  
  179  20:04  Marine  
  179  20:05  Marine x8  
  183  20:22  Marine  
  183  20:23  Marine x8  
  192  20:40  Marine x2  
  192  20:41  Marine x6  
  200  20:57  Starport  
  200  20:58  Starport  
  200  21:00  Starport x2  
  200  21:01  Starport  
  200  21:03  Starport  
  200  21:20  Planetary Fortress  
  195  21:35  Starport  
  195  21:39  Command Center  
  194  21:40  Starport  
Tags
 
Add a new tag
Caveats
  • Supply blocks, unpowered buildings, or Contaminate may cause inaccurate times.
  • Supply counts are checked every 10 seconds.